 Dungeon Crawl Stone Soup version 0.25.1-8-g42b30a86e7 (webtiles) character file.

Game seed: 169182961268233952

394 ANNNA the Magician (level 6, -3/32 HPs)
             Began as a Deep Elf Venom Mage on Dec 11, 2020.
             Killed from afar by an orc wizard (7 damage)
             ... with a magic dart
             ... on level 4 of the Dungeon on Dec 12, 2020.
             The game lasted 00:12:36 (4697 turns).

ANNNA the Magician (Deep Elf Venom Mage)            Turns: 4697, Time: 00:12:37

Health: -3/32      AC:  2    Str:  7    XL:     6   Next: 51%
Magic:  5/17       EV: 13    Int: 20    God:
Gold:   105        SH:  0    Dex: 15    Spells: 4/17 levels left

rFire    . . .     SeeInvis .   e - +0 dagger
rCold    . . .     Gourm    .   (no shield)
rNeg     . . .     Faith    .   a - +0 robe
rPois    .         Spirit   .   (no helmet)
rElec    .         Reflect  .   (no cloak)
rCorr    .         Harm     .   (no gloves)
MR       .....                  (no boots)
Stlth    ++........             (no amulet)
HPRegen  0.10/turn              (no ring)
MPRegen  0.15/turn              (no ring)

@: no status effects
A: no striking features
a: no special abilities


You were on level 4 of the Dungeon.
You were not hungry.

You visited 1 branch of the dungeon, and saw 4 of its levels.

You collected 105 gold pieces.

Inventory:

Hand Weapons
 e - a +0 dagger (weapon)
Missiles
 k - 83 stones (quivered)
Armour
 a - a +0 robe (worn)
Scrolls
 c - 4 scrolls of identify {unknown}
 d - 2 scrolls of random uselessness {unknown}
 f - 2 scrolls of noise {unknown}
 g - a scroll of immolation {unknown}
 j - 2 scrolls of remove curse {unknown}
 p - a scroll of enchant weapon {unknown}
Potions
 h - 4 potions of heal wounds {unknown}
 i - 2 potions of curing {unknown}
 l - a potion of might {unknown}
 m - a potion of flight {unknown}
 o - a potion of stabbing {unknown}
Comestibles
 b - 4 rations
 n - 5 chunks of flesh


   Skills:
 + Level 3.0 Dodging
 + Level 3.2 Stealth
 + Level 6.1 Spellcasting
 + Level 2.9 Transmutations
 + Level 0.1 Fire Magic
 + Level 2.0 Air Magic
 + Level 4.9 Poison Magic


You had 4 spell levels left.
You knew the following spells:

 Your Spells              Type           Power        Failure   Level  Hunger
a - Sting                 Tmut/Pois      ###.         1%          1    None
b - Poisonous Vapours     Pois/Air       ###...       3%          2    None
c - Ignite Poison         Fire/Tmut/Pois ###.....     11%         3    ##.....
d - Mephitic Cloud        Conj/Pois/Air  ###.....     12%         3    ##.....
e - Olgreb's Toxic Radia  Pois           ####....     14%         4    ####...

Your spell library contained the following spells:

 Spells                   Type           Power        Failure   Level  Hunger
 Beastly Appendage        Tmut           ###...       3%          1    None
 Sticks to Snakes         Tmut           ###.....     4%          2    None
 Spider Form              Tmut/Pois      ###.......   6%          3    ##.....
 Ice Form                 Ice/Tmut       ##......     50%         4    ####...
 Blade Hands              Tmut           ###.......   65%         5    #####..


Dungeon Overview and Level Annotations

Branches:
Dungeon (4/15)
 Temple: D:4-7

Altars:
Kikubaaqudgha
Okawaru
Beogh

Annotations:
D:3 3 runed translucent doors, Natasha; ghwc's ghost, amateur DsWn


Message History

Aiming: Sting (safe; 1% risk of failure)
Press: ? - help, Shift-Dir - straight line, f/p - orc
Aim: an orc, wielding a +0 dagger (heavily wounded, very poisoned)
The sting hits the orc.
The orc looks even sicker.
You kill the orc!
The orc wizard gestures at you while chanting.
The puff of flame hits you!
* * * LOW HITPOINT WARNING * * *
There is a stone staircase leading up here.
You climb upwards.
Level annotation: 3 runed translucent doors, ghwc's ghost, amateur DsWn Natasha hisses angrily.
You hear a shout!
Natasha casts a spell at you. The magic dart hits you.
* * * LOW HITPOINT WARNING * * *
There is a stone staircase leading down, spattered with blood here.
You climb downwards.
The orc wizard gestures at you while chanting.
The magic dart hits you!
You die...

.#. ... ... ..# #.# .[# #.#
).# ..........# #.##(.###.#
#.........# #..........
#.........# #.o........
#......#..###÷.........
#......#..#.@.÷........
#.<....#....#.......... #
###.........###..........
#.#.......).....#..........
..#.......)...#.÷÷##.#.....
..............##.....#....
#........<...##..###..##.
#............#...# .##
#..............#.# .#


You could see an orc wizard.

Vanquished Creatures
  A bullfrog (D:4)
  A hound (D:4)
  An orc wizard (D:4)
  Natasha (twice) (D:3)
  A worker ant (D:4)
  A worker ant zombie (D:2)
  3 gnolls (D:4)
  6 adders
  An ooze (D:2)
  6 worms
  3 leopard geckos
  8 orcs
  3 giant cockroaches
  4 goblins
  5 hobgoblins
  11 jackals
  8 kobolds
  A ball python (D:2)
  4 bats
  3 frilled lizards
  7 rats
80 creatures vanquished.

Notes
Turn   | Place    | Note
-------+----------+-------------------------------------------
     0 | D:1      | ANNNA the Deep Elf Venom Mage began the quest for the Orb.
     0 | D:1      | Reached XP level 1. HP: 10/10 MP: 6/6
   203 | D:1      | You fall into a shaft and drop 1 floor!
   278 | D:2      | Reached XP level 2. HP: 6/15 MP: 5/8
   282 | D:2      | Learned a level 2 spell: Poisonous Vapours
  1398 | D:2      | Reached XP level 3. HP: 19/19 MP: 1/10
  1403 | D:2      | Learned a level 3 spell: Ignite Poison
  1407 | D:2      | Learned a level 3 spell: Mephitic Cloud
  1494 | D:2      | Found an iron altar of Okawaru.
  1928 | D:2      | Reached skill level 4 in Spellcasting
  1996 | D:2      | Found an ancient bone altar of Kikubaaqudgha.
  2715 | D:2      | Reached XP level 4. HP: 24/24 MP: 1/12
  3169 | D:3      | Found a runed translucent gate.
  3169 | D:3      | Found a runed translucent gate.
  3172 | D:3      | Noticed ghwc's ghost (amateur DsWn)
  3173 | D:3      | Found a runed translucent gate.
  3174 | D:3      | Identified the +9 whip of the Enemy {protect, rC+}
  3174 | D:3      | Identified the cursed +1 ring mail "Lyrufin" {rC+++ MP-9
                  | Stlth+}
  3191 | D:3      | Found a roughly hewn altar of Beogh.
  3279 | D:3      | Reached skill level 1 in Air Magic
  3291 | D:3      | Noticed Natasha
  3814 | D:3      | Killed Natasha
  3814 | D:3      | Reached skill level 5 in Spellcasting
  3814 | D:3      | Reached XP level 5. HP: 19/28 MP: 0/14
  3926 | D:3      | Learned a level 4 spell: Olgreb's Toxic Radiance
  4068 | D:3      | Noticed Natasha
  4071 | D:3      | Killed Natasha
  4515 | D:4      | Reached XP level 6. HP: 32/32 MP: 10/16
  4685 | D:4      | Reached skill level 6 in Spellcasting
  4695 | D:3      | Noticed Natasha
  4697 | D:4      | Killed from afar by an orc wizard

Illustrated notes

Levels and vault maps discovered:
D:1:      ncdulo_halloftheorcs, layout_loops_ring, minmay_tromino_v4_b
D:2:      layout_basic, marbit_many_paths, lemuel_round_altar
D:3:      layout_basic, biasface_ghost_orc_armoury, uniq_natasha
D:4:      layout_rooms

Skill      XL: |  1  2  3  4  5  6 |
---------------+-------------------+-----
Spellcasting   | 4 5 6 |  6.1
Poison Magic   | 4 |  4.9
Transmutations | 2 |  2.9
Air Magic      | 1 2 |  2.0
Stealth        | 3 |  3.2
Dodging        | 3 |  3.0
Fire Magic     | |  0.1

Action                   |  1- 3 |  4- 6 || total
-------------------------+-------+-------++-------
Melee: Unarmed           |     3 |       ||     3
       Dagger            |    24 |    13 ||    37
Throw: Stone             |     1 |     1 ||     2
 Cast: Sting             |    48 |    36 ||    84
       Poisonous Vapours |    20 |    41 ||    61
       Ignite Poison     |     1 |     6 ||     7
       Mephitic Cloud    |     1 |       ||     1
       Olgreb's Toxic Ra |       |     1 ||     1
 Stab: Sleeping          |     1 |       ||     1
  Eat: Ration            |     1 |     1 ||     2
       Chunk             |     2 |     4 ||     6
Armor: Robe              |    10 |     3 ||    13
Dodge: Dodged            |    32 |    18 ||    50
